TOP OF THE 1ST |
Myrtle Beach Seahawks batting - Pitching for Grand Forks Caterpillars : RHP George Kane
|
Pitching: RHP George Kane
|
|
Batting: RHB Lucas Gallant
|
0-0: Ball 1-0: Ball 2-0: Ball 3-0: Base on Balls
|
Batting: RHB Kyuso Kouno
|
0-0: Ball 1-0: Ball Lucas Gallant is caught stealing 2nd base 2-0: SINGLE (Groundball, 6D)
|
Batting: LHB Augusto Reyes
|
0-0: Ball 1-0: Ball 2-0: SINGLE (Line Drive, 56D) Kyuso Kouno to second
|
Batting: RHB Jimmy Gonzáles
|
0-0: Ball 1-0: Ball 2-0: Called Strike 2-1: Ball 3-1: Foul Ball, location: 2F 3-2: Fly out, F7 (Line Drive, 7)
|
Batting: RHB Justin Forbes
|
0-0: SINGLE (Line Drive, 6D) Kyuso Kouno to third Augusto Reyes to second Runner from 3rd tries for Home, SAFE, throw made home
|
Batting: RHB Madhavacharta Bhavalakar
|
0-0: Swinging Strike 0-1: Ball 1-1: Ball 2-1: Foul Ball, location: 2F 2-2: Strikes out swinging
|
Top of the 1st over - 1 run, 3 hits, 0 errors, 2 left on base; Myrtle Beach 1 - Grand Forks 0 |
BOTTOM OF THE 1ST |
Grand Forks Caterpillars batting - Pitching for Myrtle Beach Seahawks : RHP Seung-jae Hwang
|
Pitching: RHP Seung-jae Hwang
|
|
Batting: SHB Goro Yokoyama
|
0-0: Called Strike 0-1: Ground out 6-3 (Groundball, 6)
|
Batting: RHB Luis Álvarez
|
0-0: Called Strike 0-1: Ball 1-1: Ball 2-1: Fly out, F8 (Flyball, 8LD)
|
Batting: LHB Félix Castellanos
|
0-0: Fly out, F8 (Flyball, 8LD)
|
Bottom of the 1st over - 0 runs, 0 hits, 0 errors, 0 left on base; Myrtle Beach 1 - Grand Forks 0 |
TOP OF THE 2ND |
Myrtle Beach Seahawks batting - Pitching for Grand Forks Caterpillars : RHP George Kane
|
Batting: LHB Aurelius Estrada
|
0-0: Called Strike 0-1: Fly out, F5 (Popup, 5SF)
|
Batting: LHB Anastasio Flores
|
0-0: Called Strike 0-1: Called Strike 0-2: Ball 1-2: Ball 2-2: Foul Ball, location: 2F 2-2: Fly out, F9 (Flyball, 89M)
|
Batting: RHB Al Ellis
|
0-0: Foul Ball, location: 2F 0-1: Swinging Strike 0-2: Foul Ball, location: 2F 0-2: Foul Ball, location: 2F 0-2: Ball 1-2: Ball 2-2: Foul Ball, location: 2F 2-2: Foul Ball, location: 2F 2-2: Strikes out swinging
|
Top of the 2nd over - 0 runs, 0 hits, 0 errors, 0 left on base; Myrtle Beach 1 - Grand Forks 0 |
BOTTOM OF THE 2ND |
Grand Forks Caterpillars batting - Pitching for Myrtle Beach Seahawks : RHP Seung-jae Hwang
|
Batting: LHB Jeremy Malzahn
|
0-0: Called Strike 0-1: Ball 1-1: Ball 2-1: Fly out, F8 (Flyball, 8RD)
|
Batting: RHB Rodney Clancy
|
0-0: Called Strike 0-1: DOUBLE (Flyball, 89D)
|
Batting: RHB Cristián Ortíz
|
0-0: Called Strike 0-1: Ball 1-1: Foul Ball, location: 2F 1-2: SINGLE (Line Drive, 89S) Rodney Clancy to third Runner from 3rd tries for Home, SAFE, no throw
|
Batting: RHB Desi Fleming
|
0-0: Called Strike 0-1: Ball 1-1: Swinging Strike 1-2: Foul Ball, location: 2F 1-2: Fly out, F7 (Flyball, 78M)
|
Batting: RHB Alohanani Koora
|
0-0: Foul Ball, location: 2F 0-1: Ground out 5-3 (Groundball, 56S)
|
Bottom of the 2nd over - 1 run, 2 hits, 0 errors, 1 left on base; Myrtle Beach 1 - Grand Forks 1 |
TOP OF THE 3RD |
Myrtle Beach Seahawks batting - Pitching for Grand Forks Caterpillars : RHP George Kane
|
Batting: RHB Lucas Gallant
|
0-0: Ball 1-0: Called Strike 1-1: Foul Ball, location: 2F 1-2: Ground out U3 (Groundball, 34)
|
Batting: RHB Kyuso Kouno
|
0-0: Called Strike 0-1: Swinging Strike 0-2: Strikes out swinging
|
Batting: LHB Augusto Reyes
|
0-0: Called Strike 0-1: Ground out 5-3 (Groundball, 5S)
|
Top of the 3rd over - 0 runs, 0 hits, 0 errors, 0 left on base; Myrtle Beach 1 - Grand Forks 1 |
BOTTOM OF THE 3RD |
Grand Forks Caterpillars batting - Pitching for Myrtle Beach Seahawks : RHP Seung-jae Hwang
|
Batting: RHB Noel Peterson
|
0-0: Bunted foul 0-1: Called Strike 0-2: Ball 1-2: Strikes out looking
|
Batting: SHB Goro Yokoyama
|
0-0: Called Strike 0-1: Foul Ball, location: 2F 0-2: Ball 1-2: Foul Ball, location: 2F 1-2: Foul Ball, location: 2F 1-2: Ball 2-2: Foul Ball, location: 2F 2-2: Foul Ball, location: 2F 2-2: SINGLE (Groundball, 34S) (infield hit)
|
Pinch Runner at 1st Zitomir Weich:
|
|
Batting: RHB Luis Álvarez
|
0-0: Called Strike 0-1: Fly out, F8 (Line Drive, 78M)
|
Batting: LHB Félix Castellanos
|
0-0: Ball 1-0: Foul Ball, location: 2F 1-1: Swinging Strike 1-2: Ball 2-2: SINGLE (Line Drive, 8RS) Zitomir Weich to second Runner from 2nd tries for 3rd, SAFE, no throw
|
Batting: LHB Jeremy Malzahn
|
0-0: SINGLE (Groundball, 4MD) Zitomir Weich scores Félix Castellanos to second Runner from 2nd tries for 3rd, OUT!
|
Bottom of the 3rd over - 1 run, 3 hits, 0 errors, 1 left on base; Myrtle Beach 1 - Grand Forks 2 |
TOP OF THE 4TH |
Myrtle Beach Seahawks batting - Pitching for Grand Forks Caterpillars : RHP George Kane
|
Now at 3B: Zitomir Weich
|
|
Batting: RHB Jimmy Gonzáles
|
0-0: Ball 1-0: Foul Ball, location: 2F 1-1: Ball 2-1: Swinging Strike 2-2: Foul Ball, location: 2F 2-2: Ball 3-2: DOUBLE (Flyball, 8RXD)
|
Batting: RHB Justin Forbes
|
0-0: Called Strike 0-1: Ball 1-1: Ball 2-1: Foul Ball, location: 2F 2-2: Strikes out swinging
|
Batting: RHB Madhavacharta Bhavalakar
|
0-0: Ball 1-0: SINGLE (Groundball, 56D) Jimmy Gonzáles to third Runner from 3rd tries for Home, SAFE, throw made home
|
Batting: LHB Aurelius Estrada
|
0-0: Foul Ball, location: 2F 0-1: Called Strike 0-2: Foul Ball, location: 2F 0-2: Strikes out swinging
|
Batting: LHB Anastasio Flores
|
0-0: Ball 1-0: Ball 2-0: Ground out U3 (Groundball, 3)
|
Top of the 4th over - 1 run, 2 hits, 0 errors, 1 left on base; Myrtle Beach 2 - Grand Forks 2 |
BOTTOM OF THE 4TH |
Grand Forks Caterpillars batting - Pitching for Myrtle Beach Seahawks : RHP Seung-jae Hwang
|
Batting: RHB Rodney Clancy
|
0-0: Ball 1-0: Called Strike 1-1: SINGLE (Flyball, 8RM)
|
Batting: RHB Cristián Ortíz
|
0-0: Ball 1-0: Foul Ball, location: 2F 1-1: Foul Ball, location: 2F 1-2: Ball 2-2: Foul Ball, location: 2F 2-2: Grounds into double play, 1-6-3 (Groundball, P)
|
Batting: RHB Desi Fleming
|
0-0: Ball 1-0: Called Strike 1-1: Fly out, F5 (Popup, 5)
|
Bottom of the 4th over - 0 runs, 1 hit, 0 errors, 0 left on base; Myrtle Beach 2 - Grand Forks 2 |
TOP OF THE 5TH |
Myrtle Beach Seahawks batting - Pitching for Grand Forks Caterpillars : RHP George Kane
|
Batting: RHB Al Ellis
|
0-0: Swinging Strike 0-1: Ball 1-1: Foul Ball, location: 2F 1-2: Ground out 6-3 (Groundball, 6)
|
Batting: RHB Lucas Gallant
|
0-0: Called Strike 0-1: Foul Ball, location: 2F 0-2: Foul Ball, location: 2F 0-2: Foul Ball, location: 2F 0-2: Ball 1-2: Ball 2-2: Strikes out swinging
|
Batting: RHB Kyuso Kouno
|
0-0: Called Strike 0-1: Foul Ball, location: 2F 0-2: Strikes out swinging
|
Top of the 5th over - 0 runs, 0 hits, 0 errors, 0 left on base; Myrtle Beach 2 - Grand Forks 2 |
BOTTOM OF THE 5TH |
Grand Forks Caterpillars batting - Pitching for Myrtle Beach Seahawks : RHP Seung-jae Hwang
|
Batting: RHB Alohanani Koora
|
0-0: Foul Ball, location: 2F 0-1: Swinging Strike 0-2: Ball 1-2: Foul Ball, location: 2F 1-2: Foul Ball, location: 2F 1-2: SINGLE (Groundball, 56D)
|
Batting: RHB Noel Peterson
|
0-0: Sac Bunt - play at first, batter OUT! 1-3 Alohanani Koora to second
|
Batting: RHB Zitomir Weich
|
0-0: Called Strike 0-1: Called Strike 0-2: Ball 1-2: Strikes out swinging
|
Batting: RHB Luis Álvarez
|
0-0: Ball 1-0: Ball 2-0: Called Strike 2-1: Swinging Strike 2-2: Ball 3-2: SINGLE (Groundball, 4MD) Alohanani Koora to third Alohanani Koora scores
|
Batting: LHB Félix Castellanos
|
0-0: Called Strike 0-1: Ball Luis Álvarez steals 2nd base 1-1: Foul Ball, location: 2F 1-2: SINGLE (Groundball, 3S) (infield hit) Luis Álvarez to third
|
Batting: LHB Jeremy Malzahn
|
0-0: Swinging Strike 0-1: Called Strike 0-2: Strikes out swinging
|
Bottom of the 5th over - 1 run, 3 hits, 0 errors, 2 left on base; Myrtle Beach 2 - Grand Forks 3 |
TOP OF THE 6TH |
Myrtle Beach Seahawks batting - Pitching for Grand Forks Caterpillars : RHP George Kane
|
Pitching: RHP Kenny Beck
|
|
Batting: LHB Augusto Reyes
|
0-0: Ball 1-0: Foul Ball, location: 2F 1-1: Called Strike 1-2: Strikes out looking
|
Batting: RHB Jimmy Gonzáles
|
0-0: Ball 1-0: Swinging Strike 1-1: SINGLE (Flyball, 56D)
|
Batting: RHB Justin Forbes
|
0-0: Ball Jimmy Gonzáles is caught stealing 2nd base 1-0: Called Strike 1-1: Swinging Strike 1-2: Foul Ball, location: 2F 1-2: Ball 2-2: Ball 3-2: SOLO HOME RUN (Flyball, 7D), Distance : 392 ft
|
Batting: RHB Madhavacharta Bhavalakar
|
0-0: Fly out, F8 (Flyball, 8LD)
|
Top of the 6th over - 1 run, 2 hits, 0 errors, 0 left on base; Myrtle Beach 3 - Grand Forks 3 |
BOTTOM OF THE 6TH |
Grand Forks Caterpillars batting - Pitching for Myrtle Beach Seahawks : RHP Seung-jae Hwang
|
Batting: RHB Rodney Clancy
|
0-0: Foul Ball, location: 2F 0-1: Fly out, F5 (Line Drive, 56)
|
Batting: RHB Cristián Ortíz
|
0-0: Ground out 1-3 (Groundball, P)
|
Batting: RHB Desi Fleming
|
0-0: Called Strike 0-1: Ball 1-1: Called Strike 1-2: Ball 2-2: Foul Ball, location: 2F 2-2: Ground out 5-3 (Groundball, 56)
|
Bottom of the 6th over - 0 runs, 0 hits, 0 errors, 0 left on base; Myrtle Beach 3 - Grand Forks 3 |
TOP OF THE 7TH |
Myrtle Beach Seahawks batting - Pitching for Grand Forks Caterpillars : RHP Kenny Beck
|
Batting: LHB Aurelius Estrada
|
0-0: Foul Ball, location: 2F 0-1: Swinging Strike 0-2: SINGLE (Groundball, 56D)
|
Batting: LHB Anastasio Flores
|
0-0: Fly out, F7 (Flyball, 78S)
|
Batting: RHB Al Ellis
|
0-0: Called Strike 0-1: Called Strike 0-2: Strikes out swinging
|
Batting: RHB Lucas Gallant
|
0-0: Fielders Choice at 2nd, 6-4 (Groundball, 6)
|
Top of the 7th over - 0 runs, 1 hit, 0 errors, 1 left on base; Myrtle Beach 3 - Grand Forks 3 |
BOTTOM OF THE 7TH |
Grand Forks Caterpillars batting - Pitching for Myrtle Beach Seahawks : RHP Seung-jae Hwang
|
Pitching: RHP Juan Espinosa
|
|
Pinch Hitting: RHB Hirotada Rin
|
0-0: Ball 1-0: Ball 2-0: Ball 3-0: Called Strike 3-1: Called Strike 3-2: Base on Balls
|
Batting: RHB Noel Peterson
|
0-0: Called Strike 0-1: Bunted foul 0-2: Ball 1-2: Ball 2-2: Fly out, F4 (Popup, 34)
|
Batting: RHB Zitomir Weich
|
0-0: Swinging Strike 0-1: Ball 1-1: Ball 2-1: Foul Ball, location: 2F 2-2: Strikes out swinging
|
Batting: RHB Luis Álvarez
|
0-0: Swinging Strike 0-1: SINGLE (Flyball, 89M) Hirotada Rin to second
|
Batting: LHB Félix Castellanos
|
0-0: Ball 1-0: Reached on error, E3 (Groundball, 3) Hirotada Rin to third Luis Álvarez to second
|
Batting: LHB Jeremy Malzahn
|
0-0: Called Strike 0-1: Ground out U3 (Groundball, 3)
|
Bottom of the 7th over - 0 runs, 1 hit, 1 error, 3 left on base; Myrtle Beach 3 - Grand Forks 3 |
TOP OF THE 8TH |
Myrtle Beach Seahawks batting - Pitching for Grand Forks Caterpillars : RHP Kenny Beck
|
Now in CF: Hirotada Rin
|
|
Batting: RHB Kyuso Kouno
|
0-0: Called Strike 0-1: Ground out 6-3 (Groundball, 6M)
|
Batting: LHB Augusto Reyes
|
0-0: Ground out 5-3 (Groundball, 56)
|
Pinch Hitting: SHB Faradur Umrani
|
0-0: Called Strike 0-1: Swinging Strike 0-2: Strikes out looking
|
Top of the 8th over - 0 runs, 0 hits, 0 errors, 0 left on base; Myrtle Beach 3 - Grand Forks 3 |
BOTTOM OF THE 8TH |
Grand Forks Caterpillars batting - Pitching for Myrtle Beach Seahawks : RHP Juan Espinosa
|
Now in LF: Faradur Umrani
|
|
Batting: RHB Rodney Clancy
|
0-0: Called Strike 0-1: Foul Ball, location: 2F 0-2: Ball 1-2: Strikes out looking
|
Batting: RHB Cristián Ortíz
|
0-0: Ball 1-0: Ball 2-0: Called Strike 2-1: SINGLE (Flyball, 78S)
|
Batting: RHB Desi Fleming
|
0-0: Ball 1-0: Foul Ball, location: 2F 1-1: Foul Ball, location: 2F 1-2: Ball 2-2: Fly out, F7 (Flyball, 7LSF)
|
Batting: RHB Hirotada Rin
|
0-0: Called Strike 0-1: Ball 1-1: Ball 2-1: Called Strike 2-2: Ball 3-2: Foul Ball, location: 2F 3-2: Fly out, F8 (Flyball, 89D)
|
Bottom of the 8th over - 0 runs, 1 hit, 0 errors, 1 left on base; Myrtle Beach 3 - Grand Forks 3 |
TOP OF THE 9TH |
Myrtle Beach Seahawks batting - Pitching for Grand Forks Caterpillars : RHP Kenny Beck
|
Pitching: RHP Alberto Ortíz
|
|
Batting: RHB Justin Forbes
|
0-0: Ball 1-0: Ball 2-0: Foul Ball, location: 2F 2-1: Swinging Strike 2-2: Strikes out swinging
|
Pinch Hitting: LHB Gregory Clement
|
0-0: Called Strike 0-1: Ball 1-1: Foul Ball, location: 2F 1-2: Ball 2-2: Ball 3-2: Foul Ball, location: 2F 3-2: SINGLE (Line Drive, 34)
|
Batting: LHB Aurelius Estrada
|
0-0: Swinging Strike 0-1: Called Strike 0-2: Ball 1-2: Strikes out swinging
|
Batting: LHB Anastasio Flores
|
0-0: Called Strike Gregory Clement steals 2nd base 0-1: Ball 1-1: Intentional Walk
|
Batting: RHB Al Ellis
|
0-0: Called Strike 0-1: Ball 1-1: Ball 2-1: Foul Ball, location: 2F 2-2: Ball 3-2: Strikes out swinging
|
Top of the 9th over - 0 runs, 1 hit, 0 errors, 2 left on base; Myrtle Beach 3 - Grand Forks 3 |
BOTTOM OF THE 9TH |
Grand Forks Caterpillars batting - Pitching for Myrtle Beach Seahawks : RHP Juan Espinosa
|
Now at 3B: César Salvatierra
|
|
Batting: RHB Noel Peterson
|
0-0: Ground out 6-3 (Groundball, 6)
|
Batting: RHB Zitomir Weich
|
0-0: Ball 1-0: Ball 2-0: Fly out, F8 (Flyball, 8LD)
|
Batting: RHB Luis Álvarez
|
0-0: Foul Ball, location: 2F 0-1: Foul Ball, location: 2F 0-2: Foul Ball, location: 2F 0-2: Ball 1-2: Ball 2-2: Ball 3-2: Ground out 5-3 (Groundball, 56)
|
Bottom of the 9th over - 0 runs, 0 hits, 0 errors, 0 left on base; Myrtle Beach 3 - Grand Forks 3 |
TOP OF THE 10TH |
Myrtle Beach Seahawks batting - Pitching for Grand Forks Caterpillars : RHP Alberto Ortíz
|
Batting: RHB Lucas Gallant
|
0-0: Ball 1-0: Ball 2-0: Ball 3-0: Called Strike 3-1: Foul Ball, location: 2F 3-2: Strikes out swinging
|
Batting: RHB Kyuso Kouno
|
0-0: Ball 1-0: Ball 2-0: Ball 3-0: Base on Balls
|
Batting: LHB Augusto Reyes
|
0-0: Ball 1-0: Ball 2-0: Ball Wild Pitch! Kyuso Kouno to second 3-0: Intentional Walk
|
Batting: SHB Faradur Umrani
|
0-0: Ball 1-0: Foul Ball, location: 2F 1-1: Ball 2-1: Foul Ball, location: 2F 2-2: Ball 3-2: Strikes out swinging
|
Batting: RHB Justin Forbes
|
0-0: Foul Ball, location: 2F 0-1: Ball 1-1: Ball 2-1: Foul Ball, location: 2F 2-2: Foul Ball, location: 2F 2-2: Ball 3-2: Foul Ball, location: 2F 3-2: Foul Ball, location: 2F 3-2: Strikes out looking
|
Top of the 10th over - 0 runs, 0 hits, 0 errors, 2 left on base; Myrtle Beach 3 - Grand Forks 3 |
BOTTOM OF THE 10TH |
Grand Forks Caterpillars batting - Pitching for Myrtle Beach Seahawks : RHP Juan Espinosa
|
Batting: LHB Félix Castellanos
|
0-0: Swinging Strike 0-1: Foul Ball, location: 2F 0-2: Ball 1-2: Strikes out looking
|
Batting: LHB Jeremy Malzahn
|
0-0: Called Strike 0-1: Swinging Strike 0-2: Strikes out looking
|
Batting: RHB Rodney Clancy
|
0-0: Called Strike 0-1: Called Strike 0-2: Ball 1-2: Foul Ball, location: 2F 1-2: Strikes out looking
|
Bottom of the 10th over - 0 runs, 0 hits, 0 errors, 0 left on base; Myrtle Beach 3 - Grand Forks 3 |
TOP OF THE 11TH |
Myrtle Beach Seahawks batting - Pitching for Grand Forks Caterpillars : RHP Alberto Ortíz
|
Pitching: RHP John Whittier
|
|
Batting: RHB César Salvatierra
|
0-0: Called Strike 0-1: Ground out 6-3 (Groundball, 6S)
|
Batting: LHB Aurelius Estrada
|
0-0: Ball 1-0: Ball 2-0: Called Strike 2-1: Foul Ball, location: 2F 2-2: Foul Ball, location: 2F 2-2: Ball 3-2: Foul Ball, location: 2F 3-2: Foul Ball, location: 2F 3-2: SINGLE (Flyball, 8LS)
|
Batting: LHB Anastasio Flores
|
0-0: Fly out, F7 (Flyball, 7)
|
Batting: RHB Al Ellis
|
0-0: Called Strike 0-1: Ball 1-1: Foul Ball, location: 2F 1-2: Ball 2-2: Foul Ball, location: 2F 2-2: Foul Ball, location: 2F 2-2: Foul Ball, location: 2F 2-2: Foul Ball, location: 2F 2-2: Foul Ball, location: 2F 2-2: SINGLE (Line Drive, 34D) Aurelius Estrada to second Runner from 2nd tries for 3rd, OUT!
|
Top of the 11th over - 0 runs, 2 hits, 0 errors, 1 left on base; Myrtle Beach 3 - Grand Forks 3 |
BOTTOM OF THE 11TH |
Grand Forks Caterpillars batting - Pitching for Myrtle Beach Seahawks : RHP Juan Espinosa
|
Batting: RHB Cristián Ortíz
|
0-0: Ball 1-0: Ball 2-0: Swinging Strike 2-1: SINGLE (Flyball, 9S)
|
Pitching: RHP Bailey Achurch
|
|
Batting: RHB Desi Fleming
|
0-0: Ball 1-0: Called Strike 1-1: Foul Ball, location: 2F 1-2: Ball 2-2: Ball 3-2: Base on Balls Cristián Ortíz to second
|
Batting: RHB Hirotada Rin
|
0-0: SINGLE (Groundball, 34S) (infield hit) Cristián Ortíz to third Desi Fleming to second
|
Batting: RHB Noel Peterson
|
0-0: Called Strike 0-1: Ball 1-1: Ball 2-1: Ball 3-1: DOUBLE (Flyball, 9D) Cristián Ortíz scores
|
Saturday, December 22nd, 2018 - OOTP Baseball 18.8 Build 76
|
|